cohdb
Replays
Latest Replays
All Replays
Popular Replays
Top Player Replays
Match Explorer
How It Works
Community
CoH3 Stats
Reddit
Sign in to upload your games and track your stats! →
Sign in with Steam
Match 44773932
Unlisted
Match 44773932
Overview
Messages
Build Orders
End
Kradschützen Motorcycle Team
Selects Panzerjäger Kommand Battlegroup
Selects Mine Fields
Panzergrenadier Squad
Panzergrenadier Squad
Panzergrenadier Squad
Construct Light Support Kompanie
Fire Support Elements
Selects GrB 39 Grenade Launcher Requisition
Panzerjäger Mechanized Group
Flakvierling Half-track
*Mule
DexN
Jelly Bean
Barry Chuckle
0
0
Comments
sign in to comment!
No comments posted yet!